 Dungeon Crawl Stone Soup version 0.28-a0-863-g8cecda6153 (webtiles) character file.

Game seed: 2605479374300836106

39 cheechan the Cutter (level 3, -1/26 HPs)
             Began as an Octopode Berserker on Nov 18, 2021.
             Was a Follower of Trog.
             Slain by a frilled lizard (2 damage)
             ... on level 3 of the Dungeon.
             The game lasted 00:07:29 (2124 turns).

cheechan the Cutter (Octopode Berserker)            Turns: 2124, Time: 00:07:30

Health: -1/26      AC:  1    Str: 16    XL:     3   Next: 45%
Magic:  3/3        EV: 13    Int:  9    God:    Trog [*.....]
Gold:   76         SH:  0    Dex: 12    Spells: 2/2 levels left

rFire   . . .      SeeInvis .   a - +0 short sword
rCold   . . .      Faith    .   (no shield)
rNeg    . . .      Spirit   .   (helmet restricted)
rPois   .          Reflect  .   (no amulet)
rElec   .          Harm     .   (no ring)
rCorr   .          Rampage  .   (no ring)
Will    .....                   (no ring)
Stlth   +++.......              (no ring)
HPRegen 0.08/turn               (no ring)
MPRegen 0.08/turn               (no ring)
                                (no ring)
                                (no ring)

@: invisible
A: almost no armour, amphibious, 8 rings, camouflage 1, gelatinous body 1,
(nimble swimmer 1), tentacles
a: Renounce Religion, Berserk


You were on level 3 of the Dungeon.
You worshipped Trog.
Trog was aware of your devotion.
You visited 1 branch of the dungeon, and saw 3 of its levels.

You collected 76 gold pieces.

Inventory:

Hand Weapons
 a - a +0 short sword (weapon)
 c - a +0 hunting sling
Missiles
 b - 92 bolts
 e - 64 arrows
 f - 10 poisoned darts
 g - 2 boomerangs (quivered)


   Skills:
 + Level 3.2 Fighting
 + Level 3.7 Short Blades
 + Level 3.2 Dodging
 + Level 1.3 Stealth


You had 2 spell levels left.
You didn't know any spells.
Your spell library was empty.

Dungeon Overview and Level Annotations

Branches:
Dungeon (3/15)

Altars:

Shops:
D:2 (


Innate Abilities, Weirdness & Mutations

You cannot wear most types of armour.
You are amphibious.
You can wear up to eight rings at the same time.
Your skin changes colour to match your surroundings (Stealth+).
Your rubbery body absorbs attacks. (AC +1, EV +1)
((You are camouflaged near water. (Stealth+)))
You have tentacles for arms and can constrict up to eight enemies at once.


Message History

The centaur misses you. The centaur kicks you. The centaur hits you.
The centaur barely misses you.
You barely miss the centaur.
The centaur is heavily wounded.
The centaur barely misses you. x2
You hit the centaur.
The centaur is heavily wounded.
The centaur hits you. The centaur closely misses you.
You hit the centaur. Your squeeze misses the centaur.
The centaur is severely wounded.
The centaur misses you. The centaur closely misses you. The centaur hits you.
The centaur closely misses you.
You barely miss the centaur.
The centaur is severely wounded.
The centaur barely misses you. The centaur completely misses you.
You hit the centaur. You squeeze the centaur.
The centaur is severely wounded.
The centaur misses you. The centaur barely misses you.
You barely miss the centaur.
The centaur is severely wounded.
The centaur barely misses you. The centaur misses you.
The centaur closely misses you. The centaur barely misses you.
You hit the centaur. You squeeze the centaur.
The centaur is severely wounded.
The centaur hits you. The centaur kicks you.
* * * LOW HITPOINT WARNING * * *
You hit the centaur but do no damage.
The centaur is severely wounded.
The centaur misses you. The centaur kicks you.
* * * LOW HITPOINT WARNING * * *
The centaur closely misses you. The centaur kicks you.
* * * LOW HITPOINT WARNING * * *
It was a potion of invisibility.
You fade into invisibility!
The centaur closely misses you. x2; The frilled lizard barely misses you.
You barely miss the centaur.
You squeeze the centaur, but do no damage.
The centaur is severely wounded.
The frilled lizard bites you.
You die...

#..#.# #.####....>....#
#..#.###......#.#.#.#.#
#........##...........#
#.###.#####...#.#.#.#.#
#.........+...........
#####.#####...#.#.#.#.#
#####.# #...........[
......# ###.#l#.#.#...
..<#### #...@)c...#
##........ #######.#...
#.######. ..# ###


You could see a centaur (wandering) and a frilled lizard.

Vanquished Creatures
  A worm (D:3)
  5 orcs (D:3)
  An endoplasm (D:1)
  2 giant cockroaches
  3 goblins
  7 kobolds
  2 quokkas
  2 ball pythons
  3 bats
  A frilled lizard (D:3)
  3 rats
30 creatures vanquished.

Notes
Turn   | Place    | Note
-------+----------+-------------------------------------------
     0 | D:1      | cheechan the Octopode Berserker began the quest for the
                  | Orb.
     0 | D:1      | Reached XP level 1. HP: 16/16 MP: 1/1
    23 | D:1      | Found a faded altar of an unknown god.
   475 | D:1      | Reached XP level 2. HP: 21/21 MP: 2/2
   925 | D:2      | Found Wewytwoiru's Weapon Shoppe.
  1704 | D:3      | Reached skill level 1 in Stealth
  1785 | D:3      | Reached XP level 3. HP: 26/26 MP: 3/3
  2097 | D:3      | Noticed a centaur
  2122 | D:3      | HP: 1/26 [centaur (3)]
  2124 | D:3      | Slain by a frilled lizard

Illustrated notes

Levels and vault maps discovered:
D:1:      amcnicky_arrival_abandoned_market, layout_loops_ring,
          ebering_ecumenical_altar_abandoned
D:2:      layout_basic, serial_shops, nicolae_square_shop
D:3:      layout_basic, minmay_misc_feat_alley, chequers_serial_rivers_micro_c,
          st_stairs_2

Skill      XL: |  1  2 |
---------------+-------+-----
Stealth        | 1 |  1.3
Fighting       | |  3.2
Short Blades   | |  3.7
Dodging        | |  3.2

Action                   || total
-------------------------++-------
Melee: Short sword       ||    76
       Constrict         ||    16
       Tentacles         ||    18
Invok: Berserk           ||     1
  Use: Scroll            ||     5
       Potion            ||     1
 Stab: Sleeping          ||     4
Armor: Skin              ||     8
Dodge: Dodged            ||    66

Table legend: (Time is in decaauts)
 A = Elapsed time spent in this place.
 B = Non-inter-level travel time spent in this place.
 C = Inter-level travel time spent in this place.
 D = Time resting spent in this place.
 E = Time spent auto-exploring this place.
 F = Levels seen in this place.
 G = Mean time per level.
                   A        B        C        D        E       F      G
               +--------+--------+--------+--------+--------+-----+--------+
         Total |   2134 |   2134 |      0 |    171 |      0 |   3 |  711.3 |
       Dungeon |   2134 |   2134 |      0 |    171 |      0 |   3 |  711.3 |
               +--------+--------+--------+--------+--------+-----+--------+

Top non-repeatable levels by time:
     D:2: 980 daAuts
     D:1: 706 daAuts
     D:3: 446 daAuts
